 Dungeon Crawl Stone Soup version 0.31-a0-121-g1e386dd289 (webtiles) character file.

Game seed: 7524383872451789060

109 Iich the Trooper (level 4, -2/37 HPs)
             Began as a Demonspawn Fighter on May 31, 2023.
             Slain by a gnoll bouda
             ... wielding a +0 club
              (4 damage)
             ... on level 3 of the Dungeon.
             The game lasted 00:02:48 (1550 turns).

Iich the Trooper (Demonspawn Fighter)               Turns: 1550, Time: 00:02:49

Health: -2/37      AC: 10    Str: 16    XL:     4   Next: 59%
Magic:  4/4        EV:  8    Int: 10    God:
Gold:   109        SH:  4    Dex: 14    Spells: 3/3 levels left

rFire   . . .        a - +0 war axe
rCold   . . .        c - +0 buckler
rNeg    . . .        i - +2 scale mail {rPois}
rPois   +            l - +0 helmet
rElec   .            j - +0 cloak
rCorr   .            (no gloves)
SInv    .            (no boots)
Will    +....        (no amulet) Stlth
                     g - ring of willpower
HPRegen 0.26/turn    (no ring)
MPRegen 0.09/turn

%: no passive effects
@: no status effects
A: foul stench 1, demonic touch 2
a: no special abilities


You were on level 3 of the Dungeon.
You visited 1 branch of the dungeon, and saw 3 of its levels.

You collected 109 gold pieces.

Inventory:

Hand Weapons
 a - a +0 war axe (weapon)
Armour
 c - a +0 buckler (worn)
 i - a +2 scale mail of poison resistance (worn)
 j - a +0 cloak (worn)
 l - a +0 helmet (worn)
Jewellery
 g - a ring of willpower (left hand)
Scrolls
 b - 2 scrolls of identify {unknown}
 h - a scroll of magic mapping {unknown}
 k - a scroll of summoning {unknown}
 n - a scroll of fog {unknown}
 o - a scroll of vulnerability {unknown}
Potions
 d - a potion of might
 e - a potion of heal wounds {unknown}
 f - 3 potions of ambrosia
 m - a potion of cancellation {unknown}


   Skills:
 + Level 4.0 Fighting
 * Level 3.7 Axes
 - Level 2.6 Armour
 - Level 2.6 Shields


You had 3 spell levels left.
You didn't know any spells.
Your spell library contained the following spells:

 Spells                   Type           Power      Damage    Failure   Level
 Malign Gateway           Summ/Tloc      0%         N/A       100%        7
 Summon Horrible Things   Summ           0%         N/A       100%        8


Dungeon Overview and Level Annotations

Branches:
Dungeon (3/15)

Altars:


Innate Abilities, Weirdness & Mutations

You may rarely emit foul miasma when damaged in melee.
Your touch may inflict irresistible damage on your foes.


Message History

The gnoll bouda is heavily wounded.
You hit the orc. The gnoll hits you but does no damage.
The gnoll hits you from afar with a +0 spear.
The gnoll closely misses you. The orc hits you but does no damage.
The gnoll hits you from afar with a +0 spear.
You take 6 damage, and have 19/37 hp.
You hit the gnoll bouda but do no damage.
The gnoll bouda is heavily wounded.
You hit the orc but do no damage. You slash the gnoll!
You kill the gnoll!
The gnoll barely misses you. x2
The gnoll bouda hits you but does no damage.
The orc closely misses you.
The gnoll hits you from afar with a +0 spear.
* * * LOW HITPOINT WARNING * * *
The gnoll hits you from afar with a +0 spear.
* * * LOW HITPOINT WARNING * * *
You block the gnoll's attack.
Your Fighting skill increases to level 4!
You take 8 damage, and have 11/37 hp. !!!!--MASSIVE DAMAGE--!!!!
You barely miss the gnoll bouda.
The gnoll bouda is heavily wounded.
You hit the orc.
The gnoll bouda hits you with a +0 club!
* * * LOW HITPOINT WARNING * * *
The orc hits you but does no damage. The gnoll hits you but does no damage.
The gnoll hits you from afar with a +0 spear.
* * * LOW HITPOINT WARNING * * *
The gnoll hits you but does no damage. The orc closely misses you.
The gnoll bouda hits you but does no damage.
The gnoll hits you but does no damage.
You take 10 damage, and have 1/37 hp. !!!!--MASSIVE DAMAGE--!!!!
Unknown command.
You barely miss the gnoll bouda.
The gnoll bouda is heavily wounded.
You slash the orc!
You kill the orc!
You block the gnoll's attack. The gnoll barely misses you.
The gnoll bouda hits you with a +0 club.
You die...

# ##....... ###
##.......## #..
#.........### #.#
#...........
..#.# #.$.......#
#.... #..gg.g.#
#.### #..)g).#
#.# # #.)@..#
#.### ####..#
#...)
#..##########....
#................
##......#####....
######.# ##...
#.#######.#
#.........#
###########


You could see a gnoll bouda and 3 gnolls.

Vanquished Creatures
  Jessica (D:3)
  Robin (D:3)
  A gnoll (D:3)
  An adder (D:2)
  An orc (D:3)
  5 endoplasms
  5 giant cockroaches (D:1)
  6 goblins
  11 hobgoblins
  3 ball pythons
  7 bats
  2 frilled lizards
  3 kobolds
  5 rats
52 creatures vanquished.

Notes
Turn   | Place    | Note
-------+----------+-------------------------------------------
     0 | D:1      | Iich the Demonspawn Fighter began the quest for the Orb.
     0 | D:1      | Reached XP level 1. HP: 18/18 MP: 1/1
   204 | D:1      | Gained mutation: You may rarely emit foul miasma when
                  | damaged in melee. [demonic ancestry]
   204 | D:1      | Reached XP level 2. HP: 24/24 MP: 2/2
   577 | D:2      | Gained mutation: Your touch may inflict minor irresistible
                  | damage on your foes. [demonic ancestry]
   577 | D:2      | Reached XP level 3. HP: 29/29 MP: 3/3
  1106 | D:3      | Found a faded altar of an unknown god.
  1207 | D:3      | Noticed Robin
  1233 | D:3      | Killed Robin
  1234 | D:3      | Gained mutation: Your touch may inflict irresistible damage
                  | on your foes. [demonic ancestry]
  1234 | D:3      | Reached XP level 4. HP: 19/37 MP: 4/4
  1503 | D:3      | Noticed Jessica
  1509 | D:3      | Killed Jessica
  1549 | D:3      | Reached skill level 4 in Fighting
  1549 | D:3      | HP: 1/37 [gnoll/+0 spear[a gnoll bouda] (2)]
  1550 | D:3      | Slain by a gnoll bouda

Illustrated notes

Levels and vault maps discovered:
D:1:      dpeg_arrival_long_road, layout_basic
D:2:      layout_rooms
D:3:      layout_loops_ring, lemuel_coloured_pillars_altar,
          nicolae_ecumenical_pavilion, uniq_robin, uniq_jessica

Skill      XL: |  1  2  3  4 |
---------------+-------------+-----
Axes           | 2 3 |  3.7
Fighting       | 4 |  4.0
Armour         | |  2.6
Shields        | |  2.6

Action                     |  1- 3 |  4- 6 || total
---------------------------+-------+-------++-------
  Melee: War axe           |   104 |    12 ||   116
    Use: Potion            |     1 |       ||     1
 Armour: Scale mail        |    63 |    12 ||    75
  Dodge: Dodged            |    44 |     9 ||    53
  Block: Buckler           |    35 |     6 ||    41

Table legend: (Time is in decaauts)
 A = Elapsed time spent in this place.
 B = Non-inter-level travel time spent in this place.
 C = Inter-level travel time spent in this place.
 D = Time resting spent in this place.
 E = Time spent auto-exploring this place.
 F = Levels seen in this place.
 G = Mean time per level.
                   A        B        C        D        E       F      G
               +--------+--------+--------+--------+--------+-----+--------+
         Total |   1593 |   1556 |     37 |    102 |   1155 |   3 |  531.0 |
       Dungeon |   1593 |   1556 |     37 |    102 |   1155 |   3 |  531.0 |
               +--------+--------+--------+--------+--------+-----+--------+

Top non-repeatable levels by time:
     D:1: 572 daAuts
     D:2: 561 daAuts
     D:3: 459 daAuts
